 Dungeon Crawl Stone Soup version 0.31-a0-237-g2d982f9f85 (webtiles) character file.

Game seed: 3775854910182045665

1901 qw the Skirmisher (level 8, -5/70 HPs)
             Began as a Minotaur Hexslinger on July 11, 2023.
             Was a Follower of Okawaru.
             Killed from afar by an electric eel (12 damage)
             ... with a bolt of electricity
             ... on level 7 of the Dungeon.
             The game lasted 00:02:07 (5889 turns).

qw the Skirmisher (Minotaur Hexslinger)             Turns: 5889, Time: 00:02:07

Health: -5/70      AC: 12    Str: 17    XL:     8   Next: 94%
Magic:  8/10       EV: 22    Int: 10    God:    Okawaru [*.....]
Gold:   337        SH:  0    Dex: 23    Spells: 8/9 levels left

rFire   . . .        Y - +2 orcbow (freeze)
rCold   . . .        (shield currently unavailable)
rNeg    . . .        b - +0 ring mail
rPois   +            (helmet restricted)
rElec   .            o - +0 cloak
rCorr   .            (no gloves)
SInv    .            q - +3 pair of boots of the Big Bang {Dex+6}
Will    .....        e - amulet of the acrobat
Stlth   +++          d - ring of Boemem {rPois Str+3 Dex+3}
HPRegen 0.31/turn    n - +5 ring of evasion
MPRegen 0.12/turn

%: acrobat
@: about to teleport, heroic
A: horns 2, retaliatory headbutt, hooves 1, passive freeze, MP-powered wands
a: Renounce Religion, Heroism


You were on level 7 of the Dungeon.
You worshipped Okawaru.
Okawaru was aware of your devotion.
You visited 2 branches of the dungeon, and saw 8 of its levels.
You also visited: Ossuary.

You collected 337 gold pieces.


Innate Abilities, Weirdness & Mutations

You have a pair of horns on your head.
You reflexively headbutt those who attack you in melee.
You have large cloven feet.
A frigid envelope surrounds you and freezes all who hurt you.
You expend magic power (3 MP) to strengthen your wands.


   Skills:
 - Level 6.2(11.2) Fighting
 - Level 9.8(14.8) Ranged Weapons
 - Level 2.1(7.1) Armour
 + Level 3.5(8.5) Dodging
 - Level 1.0 Spellcasting
 - Level 2.0 Hexes
 - Level 4.3 Invocations


You had 8 spell levels left.
You knew the following spells:

 Your Spells              Type           Power      Damage    Failure   Level
a - Slow                  Hex            16%        N/A       26%         1

Your spell library contained the following spells:

 Spells                   Type           Power      Damage    Failure   Level
 Inner Flame              Hex/Fire       2%         N/A       75%         3
 Portal Projectile        Hex/Tloc       4%         N/A       75%         3
 Cause Fear               Hex            2%         N/A       94%         4

Inventory:

Hand Weapons
 Y - a +2 orcbow of freezing (weapon)
Armour
 b - a +0 ring mail (worn)
 o - a +0 cloak (worn)
 q - the +3 pair of boots of the Big Bang (worn) {Dex+6}
   (You acquired it on level 6 of the Dungeon)

   Dex:       It affects your dexterity (+6).
Jewellery
 d - the ring of Boemem (left hand) {rPois Str+3 Dex+3}
   (You found it on level 2 of the Dungeon)

   [ring of poison resistance]

   Str:       It affects your strength (+3).
   Dex:       It affects your dexterity (+3).
   rPois:     It protects you from poison.
 e - an amulet of the acrobat (around neck)
 n - a +5 ring of evasion (right hand)
Scrolls
 a - a scroll of identify
 p - a scroll of teleportation
Potions
 f - a potion of haste
 g - a potion of resistance
 h - 3 potions of curing
 i - 4 potions of cancellation
 k - a potion of enlightenment
 l - a potion of magic {unknown}
 m - a potion of might
 r - a potion of ambrosia {unknown}

Dungeon Overview and Level Annotations

Branches:
Dungeon (7/15)             Temple (1/1) D:4         Ossuary (visited)

Altars:
Cheibriados
Dithmenos
Gozag
Hepliaklqana
Kikubaaqudgha
Makhleb
Nemelex Xobeh
Okawaru
Qazlal
Ru
Sif Muna
Vehumet
Wu Jian
Xom
Yredelemnul
Zin
The Shining One

Shops:
D:4 (

Annotations:
D:4 3 runed translucent doors, qw's ghost, amateur GrHs


Message History

You shoot an arrow.
The arrow barely misses the electric eel.
You shoot an arrow. The arrow hits the electric eel!!
The arrow freezes the electric eel!
You kill the electric eel!
Okawaru accepts your kill.
The electric eel shoots out a bolt of lightning at you!
The bolt of electricity hits you.
You shoot an arrow.
The arrow closely misses the electric eel.
The electric eel shoots out a bolt of lightning at you!
The bolt of electricity hits you.
The electric eel shoots out a bolt of lightning at you!
The bolt of electricity hits you!
You shoot an arrow. The arrow hits the electric eel!!
The arrow freezes the electric eel!
You kill the electric eel!
Okawaru accepts your kill.
You hear a splash.
The electric eel shoots out a bolt of lightning at you!
The bolt of electricity misses you. The dart slug launches a dart at you.
The slug dart hits you but does no damage.
You shoot an arrow. The arrow misses the electric eel.
The electric eel shoots out a bolt of lightning at you!
The bolt of electricity hits you! The dart slug launches a dart at you.
The slug dart misses you.
5888 ||| READING 2 scrolls of teleportation.
As you read the scroll of teleportation, it crumbles to dust.
You feel strangely unstable.
The electric eel shoots out a bolt of lightning at you!
The bolt of electricity hits the electric eel.
The electric eel completely resists.
The bolt of electricity hits you!
You shoot an arrow.
The arrow closely misses the electric eel.
The dart slug briefly extends its eye-stalks.
The electric eel shoots out a bolt of lightning at you!
The bolt of electricity hits you!
You die...

.. ##~~.~~##. #
.#.~~~~~~~.## ..
~w~#~~~~~~~#.
.#~#~~~~~~~~~#~.
#.~~~~~~~~~~#~~.
#~~~~~#~~~~~~~w~
~~~S#~~~~~~~~~~~
~~~..S~@..~~7~~~
.~~[....<.....~~
~~~.~#~...~[$?~~
~#~~.%~~~~~~~~~~
#~~##~~~~~~~~~w#
#. ~~~~~~~~~~~~.
. ~~~#w~~~~~~~~.
..~~~~~~~~~#~..
....#~~~~~~w#..


You could see 2 electric eels and 4 dart slugs.

Vanquished Creatures
  Menkaure (D:6)
  Edmund (D:6)
  A water moccasin (D:6)
  2 ice beasts
  2 centaurs
  A phantom (D:4)
  A bullfrog (D:6)
  A gnoll sergeant (D:5)
  4 scorpions
  A howler monkey (D:5)
  A jelly (D:5)
  2 electric eels (D:7)
  A hound (D:4)
  An orc priest (D:6)
  An iguana (D:4)
  4 orc wizards
  A sleepcap (D:5)
  Ijyb (D:3)
  3 mummies (Ossuary)
  5 gnolls
  14 adders
  2 shadow imps
  2 white imps
  4 ufetubi
  A worm (D:2)
  2 dart slugs
  8 orcs
  8 ball pythons
  5 endoplasms
  4 giant cockroaches
  14 goblins
  2 hobgoblins
  3 jackals (D:1)
  4 quokkas
  5 bats
  6 frilled lizards
  4 goblin zombies (Ossuary)
  8 kobolds
  3 kobold zombies (Ossuary)
  3 orc zombies (Ossuary)
  5 rats
  2 rat zombies (Ossuary)
144 creatures vanquished.

Notes
Turn   | Place    | Note
-------+----------+-------------------------------------------
     0 | D:1      | qw the Minotaur Hexslinger began the quest for the Orb.
     0 | D:1      | Reached XP level 1. HP: 16/16 MP: 1/1
     0 | D:1      | 0 ||| qw: Version: 0.3-a-52-g30416fa
     0 | D:1      | 0 ||| qw: Game counter: 5695
     0 | D:1      | 0 ||| qw: Melee chars always use a shield: true
     0 | D:1      | 0 ||| qw: God list: Okawaru
     0 | D:1      | 0 ||| qw: Allow faded altars: false
     0 | D:1      | 0 ||| qw: Do Orc after clearing Dungeon:15 true
     0 | D:1      | 0 ||| qw: Do second Lair branch before Depths: true
     0 | D:1      | 0 ||| qw: Lair rune preference: random
     0 | D:1      | 0 ||| qw: Goals: Normal
     0 | D:1      | 0 ||| PLANNING D:1-11
   121 | D:1      | Reached skill level 3 in Ranged Weapons
   168 | D:1      | Reached XP level 2. HP: 23/23 MP: 2/2
   451 | D:1      | HP: 5/24 [frilled lizard (3)]
   808 | D:1      | 808 ||| DROPPING amulet of magic regeneration.
   809 | D:1      | 809 ||| UPGRADING to ring of willpower.
   810 | D:1      | 810 ||| UPGRADING to ring of resist corrosion.
   811 | D:1      | 811 ||| READING 3 scrolls labelled PUEBIXITUD.
   812 | D:1      | 812 ||| READING scroll labelled QARRIR GENEAMY.
   813 | D:1      | 813 ||| READING scroll labelled XESI ASEETIUK.
   816 | D:1      | 816 ||| DRINKING 2 dark potions.
   816 | D:1      | Gained mutation: You are covered in fur. (AC +1) [potion of
                  | mutation]
   816 | D:1      | Gained mutation: You occasionally lose the ability to drink
                  | potions when taking damage. [potion of mutation]
   816 | D:1      | Gained mutation: Your mind is acute. (Int +4, Str/Dex -1)
                  | [potion of mutation]
   817 | D:1      | 817 ||| DRINKING potion of mutation.
   817 | D:1      | Lost mutation: Your mind is acute. (Int +4, Str/Dex -1)
                  | [potion of mutation]
   817 | D:1      | Lost mutation: You are covered in fur. (AC +1) [potion of
                  | mutation]
   817 | D:1      | Lost mutation: You occasionally lose the ability to drink
                  | potions when taking damage. [potion of mutation]
   817 | D:1      | Gained mutation: You have large cloven feet. [potion of
                  | mutation]
   817 | D:1      | Gained mutation: A frigid envelope surrounds you and
                  | freezes all who hurt you. [potion of mutation]
   817 | D:1      | Gained mutation: You expend magic power (3 MP) to
                  | strengthen your wands. [potion of mutation]
   818 | D:1      | 818 ||| DRINKING 2 blue potions.
   819 | D:1      | 819 ||| READING 2 scrolls of identify.
   819 | D:1      | 819 ||| IDENTIFYING murky amethyst potion
   820 | D:1      | 820 ||| DROPPING scroll of poison.
   852 | D:2      | Reached XP level 3. HP: 29/29 MP: 3/3
   973 | D:2      | Reached skill level 4 in Ranged Weapons
  1128 | D:2      | Identified the ring of Boemem {rPois Str+3 Dex+3}
  1213 | D:2      | Reached XP level 4. HP: 36/36 MP: 4/4
  1666 | D:2      | 1666 ||| UPGRADING to +0 ring mail.
  1676 | D:2      | 1676 ||| DROPPING +0 robe.
  1677 | D:2      | 1677 ||| UPGRADING to ring of Boemem {rPois Str+3 Dex+3}.
  1679 | D:2      | 1679 ||| UPGRADING to ring of willpower.
  1681 | D:2      | 1681 ||| DRINKING 2 fizzy grey potions.
  1722 | D:3      | Noticed Ijyb
  1736 | D:3      | Killed Ijyb
  1830 | D:3      | Reached skill level 5 in Ranged Weapons
  1900 | D:3      | Reached XP level 5. HP: 41/41 MP: 5/5
  1992 | D:3      | Found a basalt altar of Yredelemnul.
  2487 | D:3      | 2487 ||| UPGRADING to +0 cloak.
  2492 | D:3      | 2492 ||| UPGRADING to +5 ring of evasion.
  2494 | D:3      | 2494 ||| DROPPING ring of resist corrosion.
  2495 | D:3      | 2495 ||| DROPPING ring of willpower.
  2496 | D:3      | 2496 ||| READING scroll labelled WEEDWUDEIWI.
  2497 | D:3      | 2497 ||| READING scroll labelled MAUTAA RYANEKIAD.
  2498 | D:3      | 2498 ||| DRINKING 2 amethyst potions.
  2689 | D:4      | Noticed a phantom
  2695 | D:4      | Killed a phantom
  2696 | D:4      | Reached XP level 6. HP: 44/52 MP: 6/6
  2738 | D:4      | Reached skill level 6 in Ranged Weapons
  2738 | D:4      | 2738 ||| FLEEEEING.
  2739 | D:4      | 2739 ||| FLEEEEING.
  2740 | D:4      | 2740 ||| FLEEEEING.
  2741 | D:4      | 2741 ||| FLEEEEING.
  2742 | D:4      | 2742 ||| FLEEEEING.
  2743 | D:4      | 2743 ||| FLEEEEING.
  2744 | D:4      | 2744 ||| FLEEEEING.
  2745 | D:4      | 2745 ||| FLEEEEING.
  2746 | D:4      | 2746 ||| FLEEEEING.
  2747 | D:4      | 2747 ||| FLEEEEING.
  2787 | D:4      | Found Kogosy's Weapon Boutique.
  2818 | D:4      | Found a staircase to the Ecumenical Temple.
  2819 | D:4      | 2819 ||| PLANNING TEMPLE
  2819 | D:4      | 2819 ||| READING scroll labelled MOOFOS DO GY KOZ.
  2825 | Temple   | Entered the Ecumenical Temple
  2923 | Temple   | 2923 ||| PLANNING OKAWARU WORSHIP
  3041 | Temple   | Became a worshipper of Warmaster Okawaru
  3042 | Temple   | 3042 ||| PLANNING D:1-11
  3269 | D:4      | 3269 ||| SWAPPING to +2 orcbow of freezing.
  3270 | D:4      | 3270 ||| DROPPING +1 sling.
  3359 | D:4      | Reached skill level 7 in Ranged Weapons
  3478 | D:4      | Reached XP level 7. HP: 59/59 MP: 7/7
  3545 | D:4      | Found a runed translucent gate.
  3547 | D:4      | Found a runed translucent gate.
  3548 | D:4      | Found a runed translucent gate.
  3548 | D:4      | Noticed qw's ghost (amateur GrHs)
  3576 | D:4      | 3576 ||| Stepping ~*~*~tactically~*~*~ (outnumbered).
  3578 | D:4      | 3578 ||| Stepping ~*~*~tactically~*~*~ (outnumbered).
  3787 | D:4      | 3787 ||| UPGRADING to amulet of the acrobat.
  3803 | D:5      | Entered Level 5 of the Dungeon
  3804 | D:5      | 3804 ||| PLANNING OSSUARY
  3837 | D:5      | 3837 ||| FLEEEEING.
  3838 | D:5      | 3838 ||| FLEEEEING.
  3839 | D:5      | 3839 ||| FLEEEEING.
  3840 | D:5      | 3840 ||| FLEEEEING.
  3841 | D:5      | 3841 ||| FLEEEEING.
  3842 | D:5      | 3842 ||| FLEEEEING.
  3843 | D:5      | 3843 ||| FLEEEEING.
  3844 | D:5      | 3844 ||| FLEEEEING.
  3845 | D:5      | 3845 ||| FLEEEEING.
  3850 | D:5      | 3850 ||| FLEEEEING.
  3851 | D:5      | 3851 ||| FLEEEEING.
  3858 | D:5      | 3858 ||| FLEEEEING.
  3859 | D:5      | 3859 ||| STAIRDANCE
  3911 | D:5      | 3911 ||| STAIRDANCE
  3939 | D:5      | 3939 ||| STAIRDANCE
  3966 | D:5      | 3966 ||| STAIRDANCE
  4040 | D:5      | Reached * piety under Okawaru
  4041 | D:5      | Reached skill level 8 in Ranged Weapons
  4105 | D:5      | Found a sand-covered staircase.
  4106 | D:5      | 4106 ||| READING 3 scrolls of identify.
  4106 | D:5      | 4106 ||| IDENTIFYING bubbling clear potion
  4107 | D:5      | 4107 ||| READING 2 scrolls of identify.
  4107 | D:5      | 4107 ||| IDENTIFYING coppery potion
  4108 | D:5      | 4108 ||| DROPPING potion of brilliance.
  4109 | D:5      | 4109 ||| DROPPING potion of lignification.
  4115 | Ossuary  | Entered an ossuary
  4124 | Ossuary  | Reached skill level 1 in Invocations
  4271 | D:5      | 4271 ||| PLANNING D:1-11
  4306 | D:5      | 4306 ||| INVOKING Heroism.
  4436 | D:5      | 4436 ||| INVOKING Heroism.
  4438 | D:5      | Reached skill level 3 in Dodging
  4438 | D:5      | Reached XP level 8. HP: 34/68 MP: 5/9
  4654 | D:5      | Reached skill level 3 in Invocations
  4962 | D:5      | 4962 ||| READING 2 scrolls of identify.
  4962 | D:5      | 4962 ||| IDENTIFYING silvery potion
  5000 | D:6      | Noticed Edmund
  5001 | D:6      | 5001 ||| INVOKING Heroism.
  5008 | D:6      | Killed Edmund
  5018 | D:6      | 5018 ||| STAIRDANCE
  5102 | D:6      | 5102 ||| INVOKING Heroism.
  5108 | D:6      | Reached skill level 9 in Ranged Weapons
  5400 | D:6      | Reached ** piety under Okawaru
  5401 | D:6      | Reached skill level 6 in Fighting
  5544 | D:6      | Noticed Menkaure
  5545 | D:6      | 5545 ||| Stepping ~*~*~tactically~*~*~ (outnumbered).
  5546 | D:6      | 5546 ||| INVOKING Heroism.
  5549 | D:6      | Killed Menkaure
  5735 | D:6      | 5735 ||| READING 2 scrolls labelled ZAMOKK SOFAG.
  5736 | D:6      | 5736 ||| READING scroll labelled AMEROETHRAAMN.
  5837 | D:6      | 5837 ||| READING scroll labelled XIELOU KOHOJ.
  5837 | D:6      | Identified a scroll of acquirement
  5837 | D:6      | 5837 ||| ACQUIRING +3 pair of boots of the Big Bang {Dex+6}
  5837 | D:6      | Acquired the +3 pair of boots of the Big Bang {Dex+6}
  5839 | D:6      | 5839 ||| UPGRADING to +3 pair of boots of the Big Bang
                  | {Dex+6}.
  5844 | D:6      | 5844 ||| READING 2 scrolls of identify.
  5844 | D:6      | 5844 ||| IDENTIFYING bubbling brown potion
  5845 | D:6      | 5845 ||| DROPPING scroll of summoning.
  5846 | D:6      | 5846 ||| DROPPING potion of attraction.
  5881 | D:7      | 5881 ||| Stepping ~*~*~tactically~*~*~ (outnumbered).
  5882 | D:7      | 5882 ||| INVOKING Heroism.
  5887 | D:7      | HP: 15/70 [electric eel/bolt of electricity (15)]
  5888 | D:7      | 5888 ||| READING 2 scrolls of teleportation.
  5888 | D:7      | HP: 7/70 [electric eel/bolt of electricity (8)]
  5889 | D:7      | Killed from afar by an electric eel

Levels and vault maps discovered:
D:1:      minmay_arrival_nine_rooms, layout_basic, serial_forest,
          infiniplex_forest_clump_small, infiniplex_forest_diagonal,
          infiniplex_forest_lined_2, infiniplex_forest_clump_double,
          infiniplex_forest_lined_2, infiniplex_forest_straight_2
D:2:      minmay_alternating_diamond, layout_loops_ring, serial_bayou_pond_c,
          chequers_avenue
D:3:      kennysheep_the_goblin_king, layout_loops_cross,
          mainiacjoe_overflow_paths, chequers_decorated_corner
D:4:      layout_loops_corners, minmay_temple_entry_arrows, serial_shops, shop,
          gammafunk_ghost_split
D:5:      layout_loops_ring, nicolae_ossuary_entry_plus,
          kennysheep_opposing_triangles
D:6:      layout_loops_ring, sigmund_army, uniq_edmund, uniq_menkaure
D:7:      kennysheep_slugbush, layout_basic, biasface_ghost_orc_armoury,
          minivault_5
Temple:   regret_index_temple_sphere_string

Skill      XL: |  1  2  3  4  5  6  7  8 |
---------------+-------------------------+-----
Ranged Weapons | 3 4 5 7 8 9 |  9.8
Fighting       | 2 4 5 6 |  6.2
Armour         | 2 |  2.1
Invocations    | 2 4 |  4.3
Dodging        | 3 |  3.5
Spellcasting   | |  1.0
Hexes          | |  2.0

Action                     |  1- 3 |  4- 6 |  7- 9 || total
---------------------------+-------+-------+-------++-------
   Fire: Sling             |    91 |   132 |       ||   223
         Orcbow            |       |     9 |   179 ||   188
 Invoke: Heroism           |       |       |     6 ||     6
    Use: Scroll            |     4 |     3 |     8 ||    15
         Potion            |     3 |     2 |       ||     5
 Armour: Robe              |    14 |     1 |       ||    15
         Ring mail         |       |    20 |    15 ||    35
  Dodge: Dodged            |    42 |    43 |    67 ||   152

Table legend:
 A = Non-vault XP
 B = Vault XP
 C = Vault XP percentage of total XP
 D = Non-vault monster count
 E = Vault monster count
 F = Vault count percentage of total count
                 A         B        C        D         E       F
            +---------+---------+-------+---------+---------+-------
      Total |    2151 |     565 |  20.8 |     113 |      31 |  21.5
            +---------+---------+-------+---------+---------+-------
        D:1 |      33 |       0 |   0.0 |      21 |       0 |   0.0
        D:2 |      89 |       2 |   2.2 |      17 |       1 |   5.6
        D:3 |      65 |      47 |  42.0 |      19 |       7 |  26.9
        D:4 |     596 |       0 |   0.0 |      28 |       0 |   0.0
        D:5 |     563 |      76 |  11.9 |      14 |       4 |  22.2
        D:6 |     694 |     374 |  35.0 |      12 |       4 |  25.0
        D:7 |     111 |       0 |   0.0 |       2 |       0 |   0.0
    Ossuary |       0 |      66 | 100.0 |       0 |      15 | 100.0
            +---------+---------+-------+---------+---------+-------
